 Dungeon Crawl Stone Soup version 0.17-a0-1430-g49fde19 (webtiles) character file.

151 Fluffy the Distorting Demonspawn (level 5, 0/41 HPs)
             Began as a Demonspawn Abyssal Knight on June 25, 2015.
             Was a Believer of Lugonu.
             Killed by nerve-wracking pain
             ... invoked by Grinder
              (9 damage)
             ... on level 3 of the Dungeon.
             The game lasted 00:07:29 (2405 turns).

Fluffy the Distorting Demonspawn (DsAK)             Turns: 2405, Time: 00:07:31

Health: 0/41       AC:  7    Str: 13    XL:     5   Next: 11%
Magic:  8/8        EV:  9    Int: 14    God:    Lugonu [**....]
Gold:   81         SH:  0    Dex: 12    Spells: 0 memorised, 4 levels left

rFire  . . .     SeeInvis .     a - +1 falchion
rCold  + . .     Clarity  .     e - +1 scale mail {rC+}
rNeg   . . .     SustAt   .     (no shield)
rPois  .         Gourm    .     (no helmet)
rElec  .         Spirit   .     (no cloak)
rCorr  .         Warding  .     (no gloves)
rMut   .         Stasis   .     (no boots)
MR     .....                    (no amulet)
Stlth  +.........               (no ring)
                                (no ring)

@: not resistant to hostile enchantments, very unstealthy
A: hooves 1, demonic guardian 1, nightstalker 1
a: Depart the Abyss, Bend Space, Renounce Religion


You were on level 3 of the Dungeon.
You worshipped Lugonu.
Lugonu was pleased with you.
You were not hungry.

You visited 1 branch of the dungeon, and saw 3 of its levels.
You visited the Abyss 1 time.

You collected 81 gold pieces.

Inventory:

Hand weapons
 a - a +1 falchion (weapon)
Armour
 e - a +1 scale mail of cold resistance (worn)
Magical devices
 o - a wand of confusion (22)
Scrolls
 b - 4 scrolls of amnesia
 i - a scroll of teleportation
Potions
 d - a potion of might {unknown}
 f - a potion of heal wounds {unknown}
 g - a potion of experience {unknown}
 h - a potion of flight
 l - a potion of resistance {unknown}
 p - 2 potions of brilliance
Comestibles
 c - a bread ration
 k - a chunk of flesh
 m - a meat ration


   Skills:
 - Level 3.0 Fighting
 + Level 3.9 Long Blades
 - Level 1.7 Armour
 - Level 0.8 Dodging
 + Level 4.7 Invocations


You had 4 spell levels left.
You didn't know any spells.

Dungeon Overview and Level Annotations

Branches:
Dungeon (3/15)

Altars:
Elyvilon
Fedhas
Qazlal
Yredelemnul
Zin

Annotations:
D:3 Fluffy's ghost, average DsAK; Grinder


Innate Abilities, Weirdness & Mutations

You have large cloven feet.
A weak demonic guardian rushes to your aid.
You are slightly more attuned to the shadows.


Message History

Press: ? - help, v - describe, . - travel
Here: Fluffy's ghost The floor, spattered with blood.
Unknown command.
Unknown command.
The goblin unwields an uncursed dagger.
The goblin wields a hunting sling.
The goblin shoots a stone.
The stone hits your white imp.
The goblin shoots a stone.
The stone barely misses you.
You see here a stone.
The goblin shoots a stone.
The stone hits you but does no damage.
You see here a stone.
The goblin shoots a stone.
The stone hits you but does no damage.
You see here a stone.
You hit Grinder but do no damage. Grinder closely misses you.
Fluffy's ghost hits you but does no damage.
The goblin shoots a stone.
The stone hits you.
* * * LOW HITPOINT WARNING * * *
Grinder gestures at you. Pain shoots through your body!
You die...

..#. # ########... .
#.. ....... .##. #.#
#.....# .
.#.####.###?....#
#.#............#..#
#.#.##..#.$.##.##.####
.......S..#.....@W5..#
..........#.###5#.##.#
.....5#.###...#'#g##.#
....W.#.# ##.....<...#
####.##.# #......####
5..W5##.####).....##
#######.#..........#
.S..ยง...#....<.....#
#W#.###.#(...(.....#


You could see Grinder, Fluffy's ghost, a goblin and a friendly white imp.

Vanquished Creatures
  An orc priest (D:2)
  3 adders (D:2)
  2 orcs (D:3)
  3 giant cockroaches
  10 goblins
  7 hobgoblins
  5 jackals
  4 kobolds
  2 quokkas (D:2)
  2 ball pythons
  8 bats
  2 giant geckos (D:2)
  2 giant newts (D:1)
  6 rats (D:1)
57 creatures vanquished.

Vanquished Creatures (collateral kills)
  An orc priest (D:3)
  An adder (D:3)
  2 orcs (D:3)
  A bat (D:3)
  A kobold (D:3)
6 creatures vanquished.

Grand Total: 63 creatures vanquished

Notes
Turn   | Place    | Note
--------------------------------------------------------------
     0 | Abyss:1  | Fluffy the Demonspawn Abyssal Knight began the quest for the Orb.
     0 | Abyss:1  | Reached XP level 1. HP: 18/18 MP: 2/2
    37 | Abyss:1  | Noticed a raiju
    41 | D:1      | Escaped the Abyss
    73 | D:1      | Acquired Lugonu's first power
   256 | D:1      | Gained mutation: A weak demonic guardian rushes to your aid. [demonic ancestry]
   256 | D:1      | Reached XP level 2. HP: 24/24 MP: 4/4
   657 | D:1      | Reached XP level 3. HP: 24/29 MP: 5/5
   794 | D:2      | Acquired Lugonu's second power
   916 | D:2      | HP: 1/29 [poisoned by an adder]
  1308 | D:2      | Found a stormy altar of Qazlal.
  1440 | D:2      | Gained mutation: You have large cloven feet. [demonic ancestry]
  1440 | D:2      | Reached XP level 4. HP: 27/35 MP: 6/6
  1566 | D:2      | Found a glowing silver altar of Zin.
  1613 | D:2      | Found a white marble altar of Elyvilon.
  1613 | D:2      | Found a blossoming altar of Fedhas.
  1618 | D:2      | Found a basalt altar of Yredelemnul.
  1752 | D:3      | Noticed Grinder
  1781 | D:3      | HP: 1/35 [Grinder (2)]
  2136 | D:3      | Noticed Fluffy's ghost (average DsAK)
  2139 | D:2      | Reached skill level 4 in Invocations
  2229 | D:3      | Gained mutation: You are slightly more attuned to the shadows. [demonic ancestry]
  2229 | D:3      | Reached XP level 5. HP: 17/41 MP: 8/8
  2405 | D:3      | Killed from afar by Grinder

Vault maps used:
D:1:      eino_arrival_water_star, minmay_misc_feat_alley,
          minmay_misc_feat_rows, st_stairs_1, minmay_hedge_maze
D:2:      zin_academy, grunt_temple_overflow_open, grunt_qazlal_clouds
D:3:      uniq_grinder
Abyss:1:  kilobyte_mutagenic_chamber

Action                   |  1- 3 |  4- 6 || total
-------------------------+-------+-------++-------
Melee: Falchion          |   163 |    77 ||   240
       Long sword        |    12 |       ||    12
Invok: Depart the Abyss  |     1 |       ||     1
  Use: Scroll            |       |     5 ||     5
       Potion            |       |     1 ||     1
  Eat: Chunk             |     1 |     4 ||     5
